 Dungeon Sprint DCSS version 0.27.1-2-g3b301248ec (webtiles) character file.

Game seed: 5433602014643081503

2196 boopmooplesden the Cleaver (level 9, -1/92 HPs)
             Began as a Minotaur Fighter on Sept 24, 2021.
             Was a Believer of Okawaru.
             Slain by a boulder beetle (23 damage)
             ... in the Dungeon (Sprint II: "The Violet Keep of Menkaure").
             The game lasted 00:09:31 (2121 turns).

boopmooplesden the Cleaver (Minotaur Fighter)       Turns: 2121, Time: 00:09:31

Health: -1/92      AC: 14    Str: 23    XL:     9   Next: 12%
Magic:  1/2        EV: 10    Int: 14    God:    Okawaru [**....]
Gold:   306        SH: 14    Dex: 11    Spells: 8/8 levels left

rFire    . . .     SeeInvis .   d - +5 war axe (antimagic)
rCold    . . .     Faith    .   c - +1 kite shield
rNeg     . . .     Spirit   .   e - +1 scale mail {Will+}
rPois    .         Reflect  .   (helmet restricted)
rElec    .         Harm     .   o - +0 cloak
rCorr    +         Rampage  .   f - +0 pair of gloves of the Amoeba {Int+9}
Will     +....     NoTele   +   t - +0 pair of boots
Stlth    ..........             (no amulet)
HPRegen  0.25/turn              p - ring of resist corrosion
MPRegen  0.08/turn              (no ring)

@: no status effects
A: horns 2, retaliatory headbutt
a: Renounce Religion, Heroism


You were in the Dungeon.
You worshipped Okawaru.
Okawaru was pleased with you.
You visited 1 branch You collected 938 gold pieces.
You spent 632 gold pieces at shops.

Inventory:

Hand Weapons
 a - a +0 war axe
 d - a +5 antimagic war axe (weapon)
Armour
 b - a +0 scale mail
 c - a +1 kite shield (worn)
 e - a +1 scale mail of willpower (worn)
 f - the +0 pair of gloves of the Amoeba (worn) {Int+9}
   (You bought it in a shop in the Dungeon)

   Int:       It affects your intelligence (+9).
 o - a +0 cloak (worn)
 t - a +0 pair of boots (worn)
Jewellery
 p - a ring of resist corrosion (left hand)
Potions
 g - a potion of cancellation {unknown}
 h - 5 potions of magic
 i - 6 potions of flight
 k - a potion of heal wounds
 m - a potion of invisibility {unknown}
 n - 2 potions of resistance
 r - 2 potions of might
 s - 2 potions of attraction {unknown}


   Skills:
 + Level 12.7 Fighting
 + Level 12.7 Axes
 + Level 11.6 Armour
 + Level 2.2 Dodging
 + Level 1.9 Stealth
 + Level 12.6 Shields


You had 8 spell levels left.
You didn't know any spells.
Your spell library contained the following spells:

 Spells                   Type           Power      Damage    Failure   Level
 Cause Fear               Hex            0%         N/A       100%        4
 Dragon Form              Tmut           0%         N/A       100%        7
 Dragon's Call            Summ           0%         N/A       100%        9


Dungeon Overview and Level Annotations

Branches:
Dungeon (1/1)

Altars:
Cheibriados
Dithmenos
Elyvilon
Fedhas
Gozag
Hepliaklqana
Kikubaaqudgha
Makhleb
Nemelex Xobeh
Okawaru
Qazlal
Ru
Sif Muna
Trog
Uskayaw
Vehumet
Wu Jian
Xom
Yredelemnul
Zin
The Shining One
Beogh
Jiyva
Lugonu

Shops:
D ?[:![*[(=*[=:!?

Annotations:
D exclusion: oklob plant


Innate Abilities, Weirdness & Mutations

You have a pair of horns on your head.
You reflexively headbutt those who attack you in melee.


Message History

The boulder beetle leaps!
You hit the boulder beetle but do no damage.
You headbutt the boulder beetle, but do no damage.
The boulder beetle is lightly wounded.
The boulder beetle bites you!!
You slash the boulder beetle!
The boulder beetle is moderately wounded.
You block the boulder beetle's attack.
You hit the boulder beetle. You headbutt the boulder beetle.
The boulder beetle is moderately wounded.
You slash the boulder beetle!
The boulder beetle is moderately wounded.
You block the boulder beetle's attack.
The boulder beetle leaps!
You slash the boulder beetle!
The boulder beetle is heavily wounded.
The boulder beetle barely misses you.
You hit the boulder beetle but do no damage.
The boulder beetle is heavily wounded.
You slash the boulder beetle!
The boulder beetle waves its antennae.
You block the boulder beetle's attack. x2
You hit the boulder beetle but do no damage.
The boulder beetle is heavily wounded.
You hit the boulder beetle but do no damage.
You block the boulder beetle's attack.
The boulder beetle bites you but does no damage.
You hit the boulder beetle but do no damage.
The boulder beetle is heavily wounded.
You hit the boulder beetle but do no damage.
The boulder beetle leaps!
The boulder beetle bites you!
* * * LOW HITPOINT WARNING * * *
You hit the boulder beetle but do no damage.
The boulder beetle is heavily wounded.
The boulder beetle leaps!
The boulder beetle bites you.
* * * LOW HITPOINT WARNING * * *
The boulder beetle leaps!
There is a staircase leading out of the dungeon here.
The boulder beetle bites you!!
You die...

#########≈≈#+++# #○
########≈≈≈..... #|
.......#≈≈≈≈.## ## #)
∩.....∩#≈≈≈≈##. .##.#### +.##.#}
.∩...∩.#≈≈≈≈#.. ..# ...# .^.###
..∩.∩.∩#≈≈####.#$### ..## #..# .
.∩.∩.∩.#≈##.# #°# #.##..# +.^# .
..∩.∩..#≈#B.###.####.#..# #..# .
...⌠...'≈'##.°.°@'.##'..####.^##.
.......#≈#..###B##...#....###...#
▓▓▓▓▓###≈##.# #'###.##......≈≈)≈≈
hJ######≈≈####.#.####≈≈.....≈#'##
.h#) ##≈≈≈#.###.#≈≈≈≈≈≈≈..≈#...


P$+( #'#≈## ##≈≈≈≈≈≈≈≈.≈#... .( ! #.#≈≈# #≈≈≈§≈≈≈≈≈≈≈#... ### ≈≈≈
≈≈≈≈≈≈≈≈≈≈≈≈≈#.._ ++#+++#≈≈≈≈≈≈≈≈≈#._. You could see 2 boulder beetles.

Vanquished Creatures
  A yaktaur (D)
  3 polar bears (D)
  A hornet (D)
  2 wyverns (D)
  Menkaure (D)
  A vampire mosquito (D)
  3 water moccasins (D)
  4 scorpions (D)
  2 electric eels (D)
  3 worms (D)
21 creatures vanquished.

Vanquished Creatures (others)
  A water moccasin (D)
  16 tentacles (D)
17 creatures vanquished.

Grand Total: 38 creatures vanquished

Notes
Turn   | Place    | Note
-------+----------+-------------------------------------------
     0 | D        | boopmooplesden the Minotaur Fighter began the quest for the
                  | Orb.
     0 | D        | Reached XP level 1. HP: 19/19 MP: 0/0
     1 | D        | Noticed a scorpion
     1 | D        | Noticed a scorpion
     5 | D        | Killed a scorpion
     6 | D        | Reached XP level 2. HP: 22/30 MP: 1/1
     6 | D        | Reached XP level 3. HP: 28/37 MP: 2/2
     6 | D        | Killed a water moccasin
     7 | D        | Killed a scorpion
     8 | D        | Reached XP level 4. HP: 23/47 MP: 3/3
    10 | D        | Noticed a scorpion
    10 | D        | Noticed a scorpion
    12 | D        | Killed a scorpion
    13 | D        | Reached XP level 5. HP: 33/53 MP: 4/4
    16 | D        | Reached skill level 5 in Axes
   131 | D        | Noticed a boulder beetle
   131 | D        | Noticed a boulder beetle
   135 | D        | Noticed a wyvern
   135 | D        | Noticed a wyvern
   140 | D        | Killed a wyvern
   141 | D        | Reached XP level 6. HP: 46/66 MP: 5/5
   148 | D        | Killed a wyvern
   149 | D        | Reached skill level 10 in Fighting
   149 | D        | Reached skill level 10 in Armour
   149 | D        | Reached skill level 10 in Shields
   149 | D        | Reached XP level 7. HP: 19/73 MP: 6/6
   364 | D        | Found Fiqiusok's Book Shop.
   364 | D        | Found Koda's Jewellery Boutique.
   364 | D        | Found Mutoac's Magic Scroll Shop.
   364 | D        | Found Dara's Assorted Antiques.
   364 | D        | Found Wuidghua's Jewellery Boutique.
   364 | D        | Found Icaosiw's Distillery.
   365 | D        | Found Tosei's Armour Shop.
   365 | D        | Found Roes's Antique Weapon Boutique.
   365 | D        | Found Kasip's Antique Armour Shop.
   366 | D        | Found Naehafuw's General Store.
   366 | D        | Found Pafro's Armour Boutique.
   366 | D        | Noticed Menkaure
   366 | D        | Noticed a slime creature
   366 | D        | Noticed a slime creature
   378 | D        | Killed Menkaure
   386 | D        | Found Wyry's Distillery.
   386 | D        | Noticed a slime creature
   386 | D        | Noticed an oklob plant
   727 | D        | Noticed a vampire mosquito
   738 | D        | Killed a vampire mosquito
   748 | D        | Found Teru's Antique Armour Shop.
   748 | D        | Found Winuxki's Magic Scroll Boutique.
   748 | D        | Found Galilaet's Book Shoppe.
   748 | D        | Noticed a polar bear
   748 | D        | Noticed a polar bear
   756 | D        | Bought a glowing war axe for 182 gold pieces
   759 | D        | Bought a glowing scale mail for 154 gold pieces
   772 | D        | Bought a pair of heavily runed gloves for 199 gold pieces
   772 | D        | Identified the +0 pair of gloves of the Amoeba {Int+9} (You
                  | bought it in a shop in the Dungeon)
   779 | D        | Bought a scroll of enchant armour for 97 gold pieces
   813 | D        | Found a snail-covered altar of Cheibriados.
   814 | D        | Found a shadowy altar of Dithmenos.
   814 | D        | Found a viscous altar of Jiyva.
   815 | D        | Found a white marble altar of Elyvilon.
   815 | D        | Found an ancient bone altar of Kikubaaqudgha.
   816 | D        | Found a blossoming altar of Fedhas.
   816 | D        | Found a corrupted altar of Lugonu.
   816 | D        | Found a shimmering blue altar of Sif Muna.
   817 | D        | Found an opulent altar of Gozag.
   817 | D        | Found a burning altar of Makhleb.
   817 | D        | Found a bloodstained altar of Trog.
   818 | D        | Found a sparkling altar of Nemelex Xobeh.
   818 | D        | Found a hide-covered altar of Uskayaw.
   819 | D        | Found a basalt altar of Yredelemnul.
   820 | D        | Found an iron altar of Okawaru.
   820 | D        | Found a radiant altar of Vehumet.
   820 | D        | Found a glowing silver altar of Zin.
   820 | D        | Found a hazy altar of Hepliaklqana.
   820 | D        | Found a sacrificial altar of Ru.
   820 | D        | Found a shimmering altar of Xom.
   820 | D        | Noticed a hornet
   820 | D        | Noticed a polar bear
   820 | D        | Noticed a polar bear
   820 | D        | Noticed a polar bear
   821 | D        | Found a stormy altar of Qazlal.
   821 | D        | Found an ornate altar of the Wu Jian Council.
   821 | D        | Found a glowing golden altar of the Shining One.
   821 | D        | Noticed a yaktaur
   830 | D        | Became a worshipper of Warmaster Okawaru
   845 | D        | Killed a polar bear
   845 | D        | Reached * piety under Okawaru
   857 | D        | Killed a hornet
   858 | D        | Reached skill level 1 in Stealth
   858 | D        | Reached XP level 8. HP: 27/83 MP: 2/7
   863 | D        | Killed a polar bear
   863 | D        | HP: 6/124 [polar bear (1)]
   864 | D        | Reached skill level 10 in Axes
   865 | D        | Killed a polar bear
   866 | D        | Reached skill level 1 in Dodging
   870 | D        | Killed a yaktaur
  1207 | D        | Noticed a kraken
  1219 | D        | Reached ** piety under Okawaru
  1222 | D        | Reached XP level 9. HP: 74/91 MP: 2/8
  1623 | D        | Noticed a sixfirhy
  2121 | D        | Slain by a boulder beetle

Illustrated notes

Levels and vault maps discovered:
D:        the_violet_keep_of_menkaure [sprint2_stairs_cluster_1,
          sprint2_shoproom, sprint2_temple, sprint2_basic_supplies,
          sprint2_obstacle_4, sprint2_obstacle_7, sprint2_obstacle_1,
          sprint2_obstacle_2, sprint2_obstacle_3, sprint2_timed_cluster_1,
          sprint2_smallroom_cluster_1, sprint2_smallroom_final_cluster_1,
          sprint2_transparent_cluster_1, sprint2_second_timed_cluster_1,
          sprint2_sniper_area_1, sprint2_heavy_combat_area_1,
          sprint2_mutation_trap_area_1, sprint2_forest_area_1,
          sprint2_light_combat_area_1, sprint2_behind_water_1,
          sprint2_near_end_vault_1]

Skill      XL: |  1  2  3  4  5  6  7  8  9 |
---------------+----------------------------+-----
Fighting       | 6 7 8 9 10 11 12 | 12.7
Axes           | 3 4 5 6 9 12 | 12.7
Armour         | 6 7 8 9 10 11 | 11.6
Shields        | 6 7 8 9 10 11 12 | 12.6
Stealth        | 1 |  1.9
Dodging        | 1 2 |  2.2

Action                   |  1- 3 |  4- 6 |  7- 9 || total
-------------------------+-------+-------+-------++-------
Melee: War axe           |     5 |    16 |   104 ||   125
       Headbutt          |       |     5 |    20 ||    25
Invok: Heroism           |       |       |     2 ||     2
  Use: Potion            |     1 |     1 |     4 ||     6
       Scroll            |       |       |     7 ||     7
Armor: Scale mail        |     1 |     6 |    23 ||    30
Dodge: Dodged            |     3 |     2 |    40 ||    45
Block: Kite shield       |     1 |    12 |    66 ||    79
